AoeStats
← Aklsuz

Black Forest

507233418Analyzed
4v4 RM · 15d ago on Sep 17, 2026· 31m 9s· 8 players
Game mode
Random Map
Map size
Large (8 player)
Population
200
Speed
Normal
Resources
Standard
Victory
Conquest
Starting age
Dark Age
Ending age
Imperial Age
RankedLock teamsTeams togetherTeam positionsShared explorationLock speedFull tech treeHidden civsTurbo modeCheats
Victory
Defeat
🇵🇱 Japanese · Poland
1307
+13
🇰🇬 Spanish · Kyrgyzstan
1221
+16
🇩🇪 Turks · Germany
1192
+17
🇨🇳 Magyars · China
1169
+18
🇨🇳 Chinese · China
1270
-18
🇹🇼 Persians · Taiwan
1232
-16
🇹🇼 Teutons · Taiwan
1210
-16
🇹🇼 Mongols · Taiwan
1178
-14
mydogqmi
0:49 Loom
17:03 Feudal Age
メリダ
10:44 Feudal Age
14:33 Castle Age
12:55 Double-Bit Axe
14:41 Forging
14:16 Horse Collar
15:53 Loom
focuzng
4:20 Loom
10:26 Feudal Age
14:04 Feudal Age
20:15 Castle Age
18:14 Horse Collar
18:23 Double-Bit Axe
21:16 Thumb Ring
21:32 Gold Mining
21:45 Heavy Plow
21:56 Bow Saw
23:11 Wheelbarrow
OceaN X
0:28 Loom
14:24 Feudal Age
21:16 Castle Age
21:18 Double-Bit Axe
24:02 Horse Collar
26:00 Light Cavalry
73624617386501790
1:39 Loom
9:52 Feudal Age
11:21 Double-Bit Axe
13:16 Scale Barding Armor
14:57 Horse Collar
21:43 Castle Age
22:32 Gold Mining
22:55 Bow Saw
23:22 Bloodlines
31:42 Gold Shaft Mining
32:03 Chain Barding Armor
Sirto
3:57 Loom
16:03 Feudal Age
19:51 Castle Age
25:41 Imperial Age
24:07 Double-Bit Axe
24:14 Gold Mining
24:39 Horse Collar
25:38 Fervor
26:39 Wheelbarrow
26:25 Bow Saw
Te0n
6:48 Loom
10:55 Feudal Age
16:43 Castle Age
16:53 Horse Collar
17:01 Double-Bit Axe
17:40 Heavy Plow
17:53 Bow Saw
19:42 Gold Mining
25:11 Fletching
27:08 Bodkin Arrow
28:36 Wheelbarrow
28:54 Padded Archer Armor
Aklsuz
0:28 Loom
15:02 Feudal Age
15:59 Horse Collar
16:03 Man-at-Arms
28:08 Castle Age
26:00 Double-Bit Axe
30:31 Scale Mail Armor
31:10 Fletching
Connection lost

Rejoining the realm…

Still unreachable

The connection could not be restored.

Session expired

The server has moved on; the page needs a fresh start.